 Dungeon Crawl Stone Soup version 0.18.1-48-g4cf74bf (webtiles) character file.

555687 Zapata the Axe Maniac (level 25, 0/253 HPs)
             Began as a Minotaur Berserker on July 16, 2016.
             Was the Champion of Trog.
             Hit by a poisoned javelin thrown by a merfolk javelineer (14 damage)
             ... on level 4 of the Shoals on July 18, 2016.
             The game lasted 02:02:22 (45086 turns).

Zapata the Axe Maniac (Minotaur Berserker)         Turns: 45086, Time: 02:02:22

Health: 0/253      AC: 46    Str: 21    XL:     25   Next: 69%
Magic:  31/31      EV: 16    Int:  9    God:    Trog [******]
Gold:   5316       SH:  0    Dex: 22    Spells: 0 memorised, 24 levels left

rFire  + + +     SeeInvis +     a - +9 executioner's axe (flame)
rCold  + + .     Gourm    .     u - +8 gold dragon armour
rNeg   + + +     Faith    .     (shield currently unavailable)
rPois  +         Spirit   .     M - +1 hat
rElec  +         Dismiss  .     L - +2 cloak of the Devil {rF+ MP+9 Str-4 Slay+3}
rCorr  +         Reflect  .     d - +0 pair of gloves of Mezcal {rN+++ rCorr}
SustAt .         Harm     .     W - +2 pair of boots {Stlth+}
MR     +....     Clarity  +     S - amulet of regeneration
Stlth  ..........               P - ring "Sahyo" {*Corrode +Blink rPois rC+ Int+5}
                                F - ring "Micopp" {rElec rF+ Str+3 SInv}

@: lethally poisoned (0 -> -1), somewhat resistant to hostile enchantments,
extremely unstealthy
A: retaliatory headbutt, horns 2, icy blue scales 1, berserk 1, clarity,
deterioration 1, evolution 1
a: Berserk, Trog's Hand, Brothers in Arms, Burn Spellbooks, Renounce Religion,
Evoke Blink
}: 2/15 runes: silver, gossamer


You were on level 4 of the Shoals.
You worshipped Trog.
Trog was exalted by your worship.
You were not hungry.

You visited 8 branches of the dungeon, and saw 44 of its levels.
You also visited: Labyrinth, Trove, Bailey and Wizlab.

You collected 7346 gold pieces.
You spent 2030 gold pieces at shops.

Inventory:

Hand Weapons
 a - a +9 executioner's axe of flaming (weapon)
 v - a +6 longbow of freezing
 N - a +9 executioner's axe of freezing
Armour
 d - the +0 pair of gloves of Mezcal (worn) {rN+++ rCorr}
   (You bought it in a shop on level 10 of the Dungeon)

   It renders you almost immune to negative energy.
   It protects you from acid and corrosion.
 u - a +8 gold dragon armour (worn)
 L - the +2 cloak of the Devil (worn) {rF+ MP+9 Str-4 Slay+3}
   (You found it in a wizard's laboratory)

   It affects your strength (-4).
   It affects your accuracy and damage with ranged weapons and melee attacks
   (+3).
   It protects you from fire.
   It affects your magic capacity (+9).
 M - a +1 hat (worn)
 W - a +2 pair of boots of stealth (worn)
Jewellery
 m - a +5 ring of strength {unknown}
 r - a +4 ring of dexterity
 x - an uncursed ring of protection from fire {unknown}
 F - the ring "Micopp" (left hand) {rElec rF+ Str+3 SInv}
   (You took it off a deep elf elementalist on level 3 of the Elven Halls)

   [ring of protection from fire]

   It affects your strength (+3).
   It protects you from fire.
   It insulates you from electricity.
   It lets you see invisible.
 P - the ring "Sahyo" (right hand) {*Corrode +Blink rPois rC+ Int+5}
   (You took it off a deep elf sorcerer on level 3 of the Elven Halls)

   [ring of protection from cold]

   It affects your intelligence (+5).
   It protects you from cold.
   It protects you from poison.
   It lets you blink.
   It may corrode you when you take damage.
 S - an amulet of regeneration (around neck)
Wands
 c - a wand of hasting (3/9)
 e - a wand of heal wounds (6/9)
 E - a wand of disintegration (14/24)
Scrolls
 j - 21 scrolls of identify
 l - 16 scrolls of remove curse
 t - a scroll of immolation
 y - 15 scrolls of teleportation
 A - 2 scrolls of magic mapping
 H - 4 scrolls of fear
 Q - 7 scrolls of fog
 U - 3 scrolls of recharging
 Y - 2 scrolls of blinking
Potions
 b - 9 potions of haste
 g - 5 potions of curing
 i - 5 potions of invisibility
 k - 4 potions of resistance
 n - 6 potions of flight
 p - 7 potions of agility
 z - 6 potions of might
Comestibles
 f - 2 meat rations
 h - 20 fruits
 w - 10 slices of pizza


   Skills:
 + Level 26.1 Fighting
 O Level 27 Axes
 + Level 25.8 Armour
 - Level 15.6 Dodging


You had 24 spell levels left.
You didn't know any spells.

Dungeon Overview and Level Annotations

Branches:
Dungeon (15/15)            Temple (0/1) D:7            Lair (8/8) D:10
 Shoals (4/4) Lair:3       Spider (4/4) Lair:4        Slime (0/6) Lair:8
    Orc (2/2) D:11            Elf (3/3) Orc:2        Vaults (5/5) D:13
  Crypt (3/3) Vaults:2       Tomb (0/3) Crypt:3      Depths (0/5) D:15

Altars:
Ashenzari
Cheibriados
Dithmenos
Fedhas
Gozag
Nemelex Xobeh
Okawaru
Ru
Sif Muna
Trog
Xom
Yredelemnul
Zin
The Shining One
Beogh

Shops:
D:5 *   D:7 (   D:10 *([}   D:13 [   D:14 }   Orc:2 }!*:   Elf:1 [   Elf:2 (
Vaults:5 !?


Innate Abilities, Weirdness & Mutations

You reflexively headbutt those who attack you in melee.
You have a pair of horns on your head.
You are partially covered in icy blue scales (AC +1).
You tend to lose your temper in combat.
You possess an exceptional clarity of mind.
Your body sometimes deteriorates upon taking damage.
You evolve.


Message History

The poisoned javelin hits you!
* * * LOW HITPOINT WARNING * * *
Things that are here:
a short sword of protection; a scroll of recharging You barely miss the merfolk javelineer.
The merfolk javelineer throws a poisoned javelin.
The poisoned javelin hits you!
* * * LOW HITPOINT WARNING * * *
You are poisoned.
You hear a splash.
You slice the merfolk javelineer!! You burn the merfolk javelineer!
You headbutt the merfolk javelineer!
The merfolk javelineer is severely wounded.
You feel sick.
The merfolk javelineer throws a poisoned javelin.
The poisoned javelin closely misses you.
You feel sick.
The merfolk javelineer throws a poisoned javelin.
The poisoned javelin hits you!
You die...

.....≈≈≈≈..≈≈.#.#..#.#.≈≈≈)≈
..........(≈≈........)())≈)≈
.....(....)((##..≈≈$.##)))≈≈
.....()(..(≈#...≈≈≈≈.((#))†≈
........((.≈#...≈≈≈≈...#))≈≈
#≈.........≈.##.$≈≈[)##)(≈(≈
#..........≈≈.....)(.(.)≈.≈≈
##...(.....(m.#.#.(#(#.(≈())
#..........@≈≈..#..#).(≈...≈
##.......E$.≈≈≈≈.##(≈()((..≈
............≈≈≈≈≈≈≈≈≈.)...≈
................!..........
.....................†....
≈......≈≈≈≈............(.
≈≈...#≈≈#≈≈............%
PP≈≈≈#######............
##≈≈.........


You could see a merfolk javelineer and a water elemental.

Vanquished Creatures
  An ancient lich (Crypt:3)
  Mara (Vaults:3)
  Frederick (Vaults:5)
  Margery (Vaults:3)
  A golden dragon (Vaults:5)
  A bone dragon (Crypt:3)
  3 liches (Crypt:3)
  Jorgrun (Elf:3)
  3 tentacled monstrosities (Vaults:5)
  3 deep elf blademasters
  A quicksilver dragon (Vaults:5)
  3 titans (Vaults:5)
  Polyphemus (Shoals:2)
  A deep elf master archer (Elf:3)
  3 sphinxes
  2 krakens (Shoals:4)
  Gastronok (D:8)
  A tentacled starspawn (WizLab)
  An eldritch tentacle (WizLab)
  A tengu reaver (Vaults:5)
  Roxanne (Elf:1)
  A storm dragon (Vaults:5)
  3 shadow dragons (Vaults:5)
  11 vault wardens
  4 frost giants (Vaults:5)
  2 revenants (Crypt:1)
  4 fire giants
  7 deep elf sorcerers
  Ilsuiw (Shoals:4)
  Maud (Lair:3)
  4 ghost moths
  The ghost of junkhipster the Peltast, an adept GrFi of Cheibriados (Shoals:4)
  5 emperor scorpions
  Louise (Elf:2)
  4 deep elf elementalists
  7 ghouls
  14 ironheart preservers
  A reaper (Crypt:3)
  A curse skull (Crypt:1)
  9 stone giants
  7 war gargoyles
  A juggernaut skeleton (Crypt:1)
  2 deep elf demonologists (Elf:1)
  7 vampire knights
  9 very ugly things
  7 deep elf annihilators
  2 salamander stormcallers (Vaults:5)
  9 ettins
  3 crystal guardians (Crypt:3)
  A minotaur (Lab)
  5 deep elf death magi
  3 merfolk javelineers (Shoals:4)
  2 fire dragons (Vaults:2)
  48 vault guards
  10 deep elf high priests
  8 merfolk impalers
  A quicksilver dragon zombie (Crypt:2)
  8 yaktaur captains
  2 entropy weavers (Spider:2)
  Harold (D:12)
  3 great orbs of eyes
  10 hydras
  2 ice dragons
  A catoblepas (Shoals:2)
  3 rakshasas
  4 merfolk aquamancers
  13 ogre magi
  The ghost of TBriggs11TB the Fighter, a novice MiBe of Trog (Bailey)
  6 merfolk avatars
  2 death knights (Crypt:1)
  6 centaur warriors
  27 dancing weapons
  2 titan zombies
  The ghost of sarahorange the Quickloader, a novice DDHu of Elyvilon (D:12)
  5 vampire magi
  A tengu warrior (D:13)
  15 death yaks
  2 thrashing horrors (WizLab)
  A deep troll earth mage (Vaults:5)
  A storm dragon zombie (Crypt:2)
  A shock serpent (shapeshifter) (D:15)
  Sonja (D:13)
  11 hell knights
  3 fire crabs
  18 deep elf knights
  Nergalle (Lair:4)
  41 skeletal warriors
  2 titan skeletons (Crypt:2)
  2 shadow wraiths
  A storm dragon skeleton (Crypt:2)
  12 sea snakes
  5 unseen horrors
  A giant orange brain (D:15)
  2 ghost moth zombies
  A flayed ghost (Crypt:1)
  The ghost of junkhipster the Skirmisher, a novice GrFi of Okawaru (Bailey)
  10 ironbrand convokers
  10 harpies
  4 deep trolls (Vaults:5)
  An obsidian statue (WizLab)
  2 anaconda zombies
  16 deep elf archers
  The ghost of Galewind the Protected, a novice MiFi of Okawaru (Bailey)
  9 hill giants
  2 shadow dragon zombies (Crypt:2)
  10 phantasmal warriors
  18 necromancers
  2 lindwurms (Lair:8)
  15 orc knights
  A golden dragon skeleton (Crypt:1)
  An iron dragon zombie (Crypt:3)
  12 griffons
  2 wizards
  6 orb spiders
  31 wolf spiders
  An apis zombie (Crypt:2)
  2 orc sorcerers
  2 stone giant zombies
  4 salamanders (Vaults:5)
  25 ugly things
  50 deep elf magi
  A tengu skeleton (Vaults:2)
  4 oklob plants (Lair:3)
  A fire giant zombie (Crypt:2)
  A worldbinder (WizLab)
  6 fauns
  2 shining eyes (shapeshifter) (Vaults:5)
  8 elephants
  Maurice (D:8)
  11 hornets
  A fire giant skeleton (Vaults:2)
  A moth of wrath (Spider:4)
  A sixfirhy (WizLab)
  7 manticores
  A stone giant skeleton (Crypt:3)
  2 dire elephant zombies (Crypt:2)
  13 sirens
  16 vault sentinels
  A frost giant skeleton (Vaults:2)
  12 cyclopes
  A black mamba (shapeshifter) (D:15)
  A smoke demon (WizLab)
  A white draconian zombie (Crypt:1)
  6 torpor snails
  7 black mambas
  A titan simulacrum (Crypt:2)
  A shock serpent skeleton (Crypt:2)
  3 water nymphs
  3 gargoyles
  A rime drake (Lair:8)
  9 komodo dragons
  A spiny frog (shapeshifter) (D:15)
  33 yaktaurs
  A hellion (WizLab)
  20 spiny frogs
  An efreet (D:13)
  3 centaur skeletons
  5 kobold demonologists
  2 tengu conjurers (D:15)
  A purple draconian zombie (Crypt:2)
  2 ancient zymes (WizLab)
  8 trolls
  13 demonic crawlers
  A yaktaur skeleton (Vaults:1)
  10 freezing wraiths
  A hydra zombie (Crypt:3)
  A death yak skeleton (Crypt:2)
  An iron troll zombie (Crypt:1)
  7 giant leeches (Lair:8)
  26 merfolk
  2 wind drakes
  A wind drake (shapeshifter) (Vaults:5)
  26 jumping spiders
  26 two-headed ogres
  2 two-headed ogres (shapeshifter)
  4 raiju (Lair:8)
  8 polar bears (Lair:8)
  A bog body (Crypt:1)
  5 boulder beetles
  A giant leech (shapeshifter) (Vaults:4)
  A fire dragon zombie (Crypt:3)
  13 slime creatures
  An ice dragon zombie (Crypt:2)
  A minotaur skeleton (Lab)
  16 blink frogs
  6 snapping turtles
  35 flying skulls
  2 ettin skeletons (Vaults:2)
  An alligator skeleton (Crypt:2)
  41 tarantellas
  69 redbacks
  48 yaks
  An air elemental (Elf:1)
  2 shadows
  2 wyverns
  A ynoxinul (WizLab)
  2 ice dragon skeletons
  12 water elementals
  A vampire (D:15)
  A tarantella (shapeshifter) (Vaults:4)
  12 wraiths
  A fire bat (Shoals:4)
  3 basilisks
  2 fire elementals
  3 hungry ghosts
  A yak (shapeshifter) (Vaults:5)
  7 vampire mosquitoes (Vaults:2)
  14 hippogriffs
  A chaos spawn (WizLab)
  13 wargs
  An insubstantial wisp (WizLab)
  3 spatial vortices (WizLab)
  2 mottled dragons (shapeshifter)
  A faun zombie (Crypt:2)
  A spiny frog zombie (Crypt:2)
  2 soldier ants
  3 elf skeletons
  13 porcupines
  4 hell hounds (Lair:8)
  17 water moccasins
  26 orc warriors
  A black bear (shapeshifter) (Vaults:1)
  A spiny frog skeleton (Crypt:2)
  6 ice beasts
  4 sky beasts
  An elephant zombie (Lair:4)
  An ettin simulacrum (Crypt:2)
  A fire dragon simulacrum (Crypt:2)
  4 phantoms
  A swamp drake (shapeshifter) (Vaults:1)
  14 black bears
  9 necrophages
  6 wasps
  62 ogres
  A snapping turtle skeleton (Crypt:3)
  4 small abominations
  21 wolves
  14 centaurs
  7 big kobolds
  7 crocodiles
  4 human skeletons
  A yaktaur zombie (Crypt:1)
  30 giant frogs
  4 earth elementals
  2 wyvern zombies
  A wyvern skeleton (D:10)
  2 scorpions
  A human simulacrum (Vaults:1)
  A troll zombie (Crypt:1)
  An orc simulacrum (Vaults:2)
  21 killer bees
  A raiju skeleton (Crypt:1)
  6 howler monkeys
  13 wights
  7 electric eels
  A quasit (D:10)
  A giant frog zombie (D:6)
  3 centaur zombies
  6 crimson imps
  An iron imp (WizLab)
  21 hounds
  22 orc priests
  6 jellies
  3 giant frog skeletons
  10 iguanas
  10 worker ants
  16 orc wizards
  22 sheep
  2 crocodile zombies (Lair:4)
  2 hound zombies
  Robin (D:3)
  A howler monkey zombie (D:7)
  2 worker ant zombies
  8 gnolls
  9 adders
  A howler monkey skeleton (D:5)
  48 river rats
  6 shadow imps
  2 oozes
  A lava snake skeleton (Crypt:2)
  20 worms
  2 dart slugs
  A giant gecko (shapeshifter) (Vaults:5)
  2 giant geckos
  90 orcs
  3 ball pythons
  10 giant cockroaches
  13 goblins
  10 hobgoblins
  9 jackals
  3 quokkas
  A ball python zombie (Crypt:1)
  9 bats
  4 giant newts
  A jackal skeleton (D:5)
  29 kobolds
  2 kobold zombies
  6 rats
  3 crawling corpses (Elf:3)
  5 fungi
  A lost soul (Crypt:2)
  17 plants
  2 starspawn tentacles (WizLab)
  3 tentacles (Shoals:4)
2129 creatures vanquished.

Vanquished Creatures (collateral kills)
  Saint Roka (Elf:3)
  A deep elf blademaster (Elf:3)
  An iron dragon (Vaults:5)
  2 frost giants (Shoals:4)
  A deep elf demonologist (Elf:3)
  2 deep elf annihilators (Elf:3)
  A merfolk javelineer (Shoals:4)
  A deep elf death mage (Elf:3)
  2 deep elf high priests (Elf:3)
  2 merfolk impalers (Shoals:4)
  A merfolk aquamancer (Shoals:4)
  An alligator snapping turtle (Shoals:4)
  A small abomination (Elf:3)
  A sea snake (Shoals:4)
  3 orb spiders (Spider:4)
  2 deep elf magi (Elf:3)
  3 sirens (Shoals:4)
  A merfolk (Shoals:4)
  5 orc warriors (Elf:3)
  2 orc priests (Elf:3)
  An orc wizard (Elf:3)
  3 orcs (Elf:3)
  3 crawling corpses (Elf:3)
41 creatures vanquished.

Vanquished Creatures (others)
  An ancient lich (Vaults:5)
  A very ugly thing (Vaults:5)
  A deep elf high priest (Elf:3)
  A deep elf archer (Elf:2)
  A deep elf mage (Elf:3)
  A kobold demonologist (D:11)
  A giant frog (D:15)
  A river rat (Lair:4)
  2 orcs
  1903 eldritch tentacle segments (WizLab)
  12 fungi
  6 lost souls
  10 plants
  A starspawn tentacle segment (WizLab)
  9 tentacles (Shoals:4)
  106 tentacle segments (Shoals:4)
  5 toadstools (D:1)
2062 creatures vanquished.

Grand Total: 4232 creatures vanquished

Notes
Turn   | Place    | Note
--------------------------------------------------------------
     0 | D:1      | Zapata the Minotaur Berserker began the quest for the Orb.
     0 | D:1      | Reached XP level 1. HP: 19/19 MP: 0/0
    32 | D:1      | Reached skill level 4 in Axes
   115 | D:1      | Reached XP level 2. HP: 14/26 MP: 1/1
   369 | D:1      | Reached skill level 5 in Axes
   591 | D:2      | Reached XP level 3. HP: 30/31 MP: 2/2
   677 | D:2      | Reached ** piety under Trog
   724 | D:2      | Noticed an angel
   725 | D:2      | Found a glowing silver altar of Zin.
   725 | D:2      | Found a shimmering altar of Xom.
   859 | D:2      | Found an opulent altar of Gozag.
   860 | D:2      | Found a sparkling altar of Nemelex Xobeh.
   989 | D:3      | Noticed Robin
   995 | D:3      | Killed Robin
   998 | D:3      | Reached XP level 4. HP: 39/39 MP: 3/3
  1039 | D:3      | Reached skill level 6 in Axes
  1364 | D:3      | Reached *** piety under Trog
  1609 | D:4      | Reached skill level 7 in Axes
  1609 | D:4      | Reached XP level 5. HP: 45/45 MP: 4/4
  1669 | D:4      | Reached skill level 8 in Axes
  2266 | D:4      | Reached XP level 6. HP: 51/51 MP: 5/5
  2809 | D:4      | Found a sparkling altar of Nemelex Xobeh.
  3000 | D:5      | Entered Level 5 of the Dungeon
  3016 | D:5      | Reached skill level 9 in Axes
  3063 | D:5      | Reached XP level 7. HP: 41/57 MP: 6/6
  3119 | D:5      | Found Ateqicw's Assorted Antiques.
  3127 | D:5      | Bought a metallic dark potion for 21 gold pieces
  3127 | D:5      | Bought a scroll of identify for 48 gold pieces
  3127 | D:5      | Bought a glass ring for 120 gold pieces
  3236 | D:5      | Reached **** piety under Trog
  3236 | D:5      | Reached skill level 10 in Axes
  3514 | D:5      | Reached skill level 11 in Axes
  3896 | D:6      | Gained mutation: You are partially covered in icy blue scales (AC +1). [potion of beneficial mutation]
  3897 | D:6      | Gained mutation: You are somewhat resistant to further mutation. [potion of beneficial mutation]
  3948 | D:6      | Reached XP level 8. HP: 61/64 MP: 7/7
  3981 | D:6      | Reached skill level 12 in Axes
  4012 | D:6      | Found a shadowy altar of Dithmenos.
  4070 | D:6      | Found a deep blue altar of Sif Muna.
  4185 | D:6      | Found a blossoming altar of Fedhas.
  4189 | D:6      | Found a basalt altar of Yredelemnul.
  4223 | D:6      | Found an iron altar of Okawaru.
  4229 | D:6      | Found a glowing golden altar of the Shining One.
  4403 | D:6      | Reached ***** piety under Trog
  4403 | D:6      | Reached skill level 13 in Axes
  4481 | D:7      | Found Qimots's Weapon Emporium.
  4664 | D:7      | Reached XP level 9. HP: 70/70 MP: 8/8
  4868 | D:7      | Reached skill level 14 in Axes
  4878 | D:7      | Found a staircase to the Ecumenical Temple.
  4980 | D:7      | Received a gift from Trog
  5031 | D:7      | Found a sacrificial altar of Ru.
  5032 | D:7      | Found a shattered altar of Ashenzari.
  5927 | D:8      | Got a jewelled chain mail
  5938 | D:8      | Identified the +8 chain mail "Riqayq" {-Tele rElec rCorr Str+2} (You found it on level 8 of the Dungeon)
  5939 | D:8      | Noticed Maurice
  5958 | D:8      | Killed Maurice
  5958 | D:8      | Reached skill level 5 in Fighting
  5978 | D:8      | Reached skill level 5 in Armour
  6170 | D:8      | Noticed Gastronok
  6186 | D:8      | Killed Gastronok
  6186 | D:8      | Reached XP level 10. HP: 86/86 MP: 9/9
  7215 | D:10     | Entered Level 10 of the Dungeon
  7238 | D:10     | Noticed an elephant
  7249 | D:10     | Killed an elephant
  7283 | D:10     | Found a staircase to the Lair.
  7326 | D:10     | Found Leqin's Assorted Antiques.
  7382 | D:10     | Killed an unseen horror
  7399 | D:10     | Bought a scroll labeled LAATINNESA for 28 gold pieces
  7399 | D:10     | Bought a scroll labeled SOREYB GEKKYCO for 28 gold pieces
  7399 | D:10     | Bought a tubular diamond ring for 140 gold pieces
  7502 | D:10     | Reached XP level 11. HP: 93/97 MP: 10/10
  7532 | D:10     | Found Zuix's Gadget Boutique.
  7554 | D:10     | Found Fyma's Armour Shop.
  7569 | D:10     | Found Faeptur's Weapon Shoppe.
  7774 | D:10     | Noticed a three-headed hydra
  7788 | D:10     | Killed an 11-headed hydra
  7789 | D:10     | Received a gift from Trog
  7901 | D:11     | Reached skill level 10 in Fighting
  8132 | D:11     | Reached skill level 10 in Armour
  8142 | D:11     | Found a staircase to the Orcish Mines.
  8325 | D:11     | Received a gift from Trog
  8476 | D:12     | Noticed sarahorange's ghost (novice DDHu)
  8486 | D:12     | Killed sarahorange's ghost
  8528 | D:12     | Noticed a deep elf mage
  8529 | D:12     | Found a flagged portal.
  8537 | D:12     | Killed a deep elf mage
  8544 | Bailey   | Entered a bailey
  8544 | Bailey   | Noticed TBriggs11TB's ghost (novice MiBe)
  8554 | Bailey   | Killed TBriggs11TB's ghost
  8582 | Bailey   | Noticed junkhipster's ghost (novice GrFi)
  8609 | Bailey   | Killed junkhipster's ghost
  8609 | Bailey   | Reached skill level 15 in Axes
  8636 | Bailey   | Noticed Galewind's ghost (novice MiFi)
  8652 | Bailey   | Killed Galewind's ghost
  8800 | Bailey   | Reached XP level 12. HP: 107/107 MP: 3/11
  9190 | D:12     | Reached skill level 16 in Axes
  9521 | D:12     | Noticed Harold
  9529 | D:12     | Killed Harold
  9743 | Lair:1   | Entered Level 1 of the Lair of Beasts
  9748 | Lair:1   | Reached skill level 17 in Axes
 10181 | Lair:1   | Reached skill level 18 in Axes
 10635 | Lair:2   | Received a gift from Trog
 10962 | Lair:2   | Noticed an eight-headed hydra
 10968 | Lair:2   | Killed an 11-headed hydra
 10974 | Lair:2   | Reached XP level 13. HP: 114/114 MP: 4/12
 11364 | Lair:3   | Reached skill level 19 in Axes
 11505 | Lair:3   | Found a staircase to the Shoals.
 11553 | Lair:3   | Noticed Maud
 11564 | Lair:3   | Killed Maud
 12058 | Lair:3   | Reached skill level 20 in Axes
 12078 | Lair:3   | Got a translucent buckler
 12096 | Lair:3   | Identified the +1 buckler "Boeff" {rN+} (You found it on level 3 of the Lair of Beasts)
 12221 | D:10     | Bought the +0 pair of gloves of Mezcal {rN+++ rCorr} for 533 gold pieces
 12350 | Lair:4   | Noticed Nergalle
 12358 | Lair:4   | Killed Nergalle
 12466 | Lair:4   | Found a labyrinth entrance.
 12475 | Lab      | Entered a labyrinth
 12675 | Lab      | Received a gift from Trog
 13277 | Lab      | Noticed a minotaur
 13284 | Lab      | Killed a minotaur
 13286 | Lab      | Got a smoking quarterstaff {crush}
 13459 | Lair:4   | Reached skill level 21 in Axes
 13652 | Lair:4   | Found a hole to the Spider Nest.
 13680 | Lair:4   | Found a snail-covered altar of Cheibriados.
 14055 | Lair:5   | Identified a scroll of acquirement
 14725 | Lair:6   | Reached XP level 14. HP: 122/122 MP: 4/13
 15090 | Lair:6   | Reached skill level 22 in Axes
 15239 | Lair:2   | Identified the cursed +1 quarterstaff of Vengeance {crush, Str+2 Dex-5 SInv} (You took it off a minotaur in a labyrinth)
 15851 | Lair:7   | Reached ****** piety under Trog
 15854 | Lair:7   | Received a gift from Trog
 16546 | Lair:8   | Entered Level 8 of the Lair of Beasts
 16612 | Lair:8   | Reached skill level 23 in Axes
 16653 | Lair:8   | Found a staircase to the Slime Pits.
 16678 | Lair:8   | Received a gift from Trog
 17021 | Lair:8   | Found a runed door.
 17129 | Lair:8   | Received a gift from Trog
 17368 | Lair:8   | Reached skill level 24 in Axes
 17386 | Lair:8   | Reached XP level 15. HP: 120/128 MP: 14/14
 17503 | Lair:8   | Received a gift from Trog
 17902 | Lair:2   | Identified a +4 rod of shadows (10/10) (You found it on level 8 of the Lair of Beasts)
 17999 | Orc:1    | Entered Level 1 of the Orcish Mines
 17999 | Orc:1    | Found a roughly hewn altar of Beogh.
 18020 | Orc:1    | Received a gift from Trog
 18393 | Orc:2    | Entered Level 2 of the Orcish Mines
 18505 | Orc:2    | Received a gift from Trog
 18519 | Orc:2    | Reached skill level 25 in Axes
 18522 | Orc:2    | Found Wigocew's Gadget Shop.
 18522 | Orc:2    | Found Sazicuck's Assorted Antiques.
 18532 | Orc:2    | Found Ynozof's Distillery.
 18532 | Orc:2    | Found Fugupaat's Book Boutique.
 18562 | Orc:2    | Bought a scroll of identify for 50 gold pieces
 18562 | Orc:2    | Bought a scroll of identify for 50 gold pieces
 18562 | Orc:2    | Bought a scroll of enchant weapon for 187 gold pieces
 18564 | Orc:2    | Bought a potion of berserk rage for 70 gold pieces
 18565 | Orc:2    | Bought a potion of haste for 140 gold pieces
 18696 | Orc:2    | Found a staircase to the Elven Halls.
 18796 | Orc:2    | Found a bloodstained altar of Trog.
 19239 | Elf:1    | Entered Level 1 of the Elven Halls
 19342 | Elf:1    | Received a gift from Trog
 19375 | Elf:1    | Received a gift from Trog
 19778 | Elf:1    | Noticed Roxanne
 19784 | Elf:1    | Noticed a deep elf sorcerer
 19796 | Elf:1    | Killed Roxanne
 19811 | Elf:1    | Killed a deep elf sorcerer
 19811 | Elf:1    | Reached skill level 26 in Axes
 19944 | Elf:1    | Found a portal to a secret trove of treasure.
 20492 | Elf:1    | Reached XP level 16. HP: 125/136 MP: 5/15
 20503 | Elf:1    | Reached skill level 10 in Dodging
 20549 | Elf:1    | Found Fenesch's Antique Armour Boutique.
 20855 | Elf:2    | Received a gift from Trog
 20860 | Elf:2    | Found a runed gate.
 20864 | Elf:2    | Found a runed gate.
 20930 | Elf:2    | Noticed Louise
 20942 | Elf:2    | Killed Louise
 20975 | Elf:2    | Found a runed gate.
 20995 | Elf:2    | Found Loabafom's Weapon Shoppe.
 21159 | Elf:3    | Entered Level 3 of the Elven Halls
 21206 | Elf:3    | Found a magical portal.
 21213 | WizLab   | Entered The Roulette of Golubria
 21217 | WizLab   | Found a corrupted altar of Lugonu.
 21217 | WizLab   | Noticed an eldritch tentacle
 21220 | WizLab   | Noticed a tentacled starspawn
 21230 | WizLab   | Killed a tentacled starspawn
 21491 | WizLab   | Found a corrupted altar of Lugonu.
 21696 | WizLab   | Killed an eldritch tentacle
 21706 | WizLab   | Got a pitted cloak
 21709 | WizLab   | Got a faintly glowing cloak
 21729 | WizLab   | Got a warped cloak
 21900 | Elf:3    | Identified the +1 cloak "Naur" {-Cast rElec Int+2 Stlth+} (You found it in a wizard's laboratory)
 21910 | Elf:3    | Identified the +2 cloak of Joy {rElec MP+9} (You found it in a wizard's laboratory)
 21920 | Elf:3    | Identified the +2 cloak of the Devil {rF+ MP+9 Str-4 Slay+3} (You found it in a wizard's laboratory)
 21923 | Elf:3    | Reached XP level 17. HP: 131/148 MP: 5/16
 21983 | Elf:3    | Noticed Jorgrun
 21991 | Elf:3    | Killed Jorgrun
 22436 | Elf:3    | Noticed a deep elf blademaster
 22452 | Elf:3    | Killed a deep elf blademaster
 22575 | Elf:3    | Noticed a deep elf master archer
 22586 | Elf:3    | Killed a deep elf master archer
 22690 | Elf:3    | Noticed a deep elf blademaster
 22703 | Elf:3    | Killed a deep elf blademaster
 22703 | Elf:3    | Received a gift from Trog
 22707 | Elf:3    | Reached XP level 18. HP: 119/159 MP: 8/17
 22714 | Elf:3    | Got a clouded platinum ring
 22781 | Elf:3    | Noticed Saint Roka
 22795 | Elf:3    | Killed Saint Roka
 23088 | Elf:3    | Identified the ring "Micopp" {rElec rF+ Str+3 SInv} (You took it off a deep elf elementalist on level 3 of the Elven Halls)
 23191 | Elf:3    | Received a gift from Trog
 23365 | Elf:3    | Got a bloodstained chain mail
 23393 | Elf:3    | Got a faintly glowing lapis lazuli ring
 23423 | Elf:3    | Received a gift from Trog
 23462 | Elf:3    | Got a crude plate armour
 23577 | Elf:3    | Identified the cursed +0 chain mail "Myegoc" {Str+3} (You found it on level 3 of the Elven Halls)
 23589 | Elf:3    | Identified the +1 plate armour of Indemnity {rF+ rC- Stlth+} (You found it on level 3 of the Elven Halls)
 23611 | Elf:3    | Got a pitted great sword
 23612 | Elf:3    | Identified the +4 great sword "Vuneib" {slice, *Rage Dex+6} (You found it on level 3 of the Elven Halls)
 23618 | Elf:3    | Identified the ring "Sahyo" {*Corrode +Blink rPois rC+ Int+5} (You took it off a deep elf sorcerer on level 3 of the Elven Halls)
 24049 | Elf:2    | Reached skill level 15 in Fighting
 24615 | Lair:2   | Lost mutation: You are somewhat resistant to further mutation. [potion of mutation]
 24616 | Lair:2   | Gained mutation: Your muscles are strong. (Str +2) [potion of mutation]
 24616 | Lair:2   | Gained mutation: Scrolls take you a little longer to read. [potion of mutation]
 24616 | Lair:2   | Gained mutation: You have a somewhat thin skeletal structure (Dex +2, Stealth). [potion of mutation]
 24618 | Lair:2   | Lost mutation: Your muscles are strong. (Str +2) [potion of cure mutation]
 24618 | Lair:2   | Lost mutation: You have a somewhat thin skeletal structure (Dex +2, Stealth). [potion of cure mutation]
 24618 | Lair:2   | Lost mutation: Scrolls take you a little longer to read. [potion of cure mutation]
 24675 | Spider:1 | Entered Level 1 of the Spider Nest
 24876 | Spider:1 | Reached skill level 15 in Armour
 25734 | Spider:2 | Received a gift from Trog
 26422 | Spider:3 | Reached XP level 19. HP: 172/172 MP: 0/18
 26663 | Spider:4 | Entered Level 4 of the Spider Nest
 26686 | Spider:4 | Received a gift from Trog
 27046 | Spider:4 | Received a gift from Trog
 27046 | Spider:4 | Reached skill level 15 in Dodging
 27553 | Spider:4 | Got a gossamer rune of Zot
 27956 | Orc:2    | Bought a potion of curing for 42 gold pieces
 27956 | Orc:2    | Bought a potion of curing for 42 gold pieces
 28142 | Elf:1    | You paid a toll of 16 potions of curing to enter a treasure trove
 28143 | Trove    | Entered a treasure trove
 28157 | Trove    | Got a smoking ring mail
 28159 | Trove    | Got a spiked buckler
 28261 | Trove    | Got a crude leather armour
 28272 | Trove    | Identified the +0 leather armour of True Grit {rPois rC+ SInv} (You found it in a treasure trove)
 28283 | Trove    | Identified the +2 ring mail of Quuphikh {rF+ Str+3} (You found it in a treasure trove)
 28562 | Lair:2   | Identified the +1 buckler of Leinoqea {Slay+2} (You found it in a treasure trove)
 28589 | Lair:2   | Reached XP level 20. HP: 184/184 MP: 9/19
 28590 | Lair:2   | Reached XP level 21. HP: 192/192 MP: 9/20
 28763 | D:13     | Noticed Sonja
 28778 | D:13     | Killed Sonja
 28923 | D:13     | Received a gift from Trog
 29064 | D:13     | Found Qenlupoa's Antique Armour Shop.
 29470 | D:13     | Found a shadowy altar of Dithmenos.
 29522 | D:13     | Found a gate to the Vaults.
 30014 | D:14     | Found Alieb's Quality Used Wands.
 30039 | D:14     | Bought a wand of heal wounds (0/9) for 408 gold pieces
 30440 | D:14     | You fall through a shaft!
 30440 | D:15     | Entered Level 15 of the Dungeon
 30621 | D:15     | Received a gift from Trog
 30862 | D:15     | Found a staircase to the Depths.
 31363 | Vaults:1 | Entered Level 1 of the Vaults
 31836 | Vaults:1 | Received a gift from Trog
 32126 | Vaults:1 | Reached XP level 22. HP: 205/205 MP: 10/21
 33172 | Vaults:2 | Received a gift from Trog
 33512 | Vaults:2 | Found a staircase to the Crypt.
 33522 | Crypt:1  | Entered Level 1 of the Crypt
 34955 | Crypt:2  | Paralysed by a vampire knight for 6 turns
 34971 | Crypt:2  | HP: 10/211 [vampire knight/battleaxe of flaming (1)]
 35435 | Crypt:2  | Found a basalt altar of Yredelemnul.
 35621 | Crypt:3  | Entered Level 3 of the Crypt
 35729 | Crypt:3  | Reached XP level 23. HP: 194/220 MP: 10/22
 36141 | Crypt:3  | Noticed an ancient lich
 36142 | Crypt:3  | Found a basalt altar of Yredelemnul.
 36150 | Crypt:3  | Killed an ancient lich
 36280 | Crypt:3  | Got a distressingly furry cloak
 36295 | Crypt:3  | Identified the +0 cloak of Nemelex Xobeh's Whim {MR+ rCorr} (You found it on level 3 of the Crypt)
 36427 | Crypt:3  | Received a gift from Trog
 36780 | Crypt:3  | Found a staircase to the Tomb.
 37751 | Spider:4 | Got a crude executioner's axe {god gift}
 37758 | Spider:4 | Identified the +4 executioner's axe of Infection {venom, Str+3} (Trog gifted it to you on level 4 of the Spider Nest)
 37905 | Lair:2   | Gained mutation: You evolve. [potion of beneficial mutation]
 38316 | Vaults:3 | Noticed Mara
 38332 | Vaults:3 | Noticed Zapata's illusion
 38367 | Vaults:3 | HP: 11/223 [Zapata's illusion[Mara] (25)]
 38373 | Vaults:3 | Noticed Zapata's illusion
 38384 | Vaults:3 | Killed Mara
 38755 | Vaults:3 | Received a gift from Trog
 38998 | Vaults:3 | Noticed Margery
 39010 | Vaults:3 | Killed Margery
 39653 | Vaults:4 | Received a gift from Trog
 39680 | Vaults:4 | Received a gift from Trog
 39946 | Vaults:4 | Reached XP level 24. HP: 222/235 MP: 22/22
 40116 | Vaults:4 | Gained mutation: You possess an exceptional clarity of mind. [evolution]
 40378 | Vaults:5 | Entered Level 5 of the Vaults
 40614 | Vaults:5 | Received a gift from Trog
 41144 | Vaults:5 | Gained mutation: Your body sometimes deteriorates upon taking damage. [a shining eye]
 41307 | Vaults:5 | Noticed an ancient lich
 41307 | Vaults:5 | Noticed Frederick
 41314 | Vaults:5 | Killed an ancient lich
 41314 | Vaults:5 | Reached skill level 27 in Axes
 41321 | Vaults:5 | Killed Frederick
 41324 | Vaults:5 | Found Puemn's Distillery.
 41326 | Vaults:5 | Received a gift from Trog
 41560 | Vaults:5 | Received a gift from Trog
 41572 | Vaults:5 | Reached XP level 25. HP: 66/248 MP: 22/22
 41950 | Vaults:5 | Got a sparkling turquoise ring
 41963 | Vaults:5 | Got a scintillating platinum ring
 42032 | Vaults:5 | Found Oginatur's Magic Scroll Emporium.
 42040 | Vaults:5 | Bought a scroll of recharging for 123 gold pieces
 42084 | Vaults:5 | Got a glittering wooden ring
 42177 | Vaults:5 | Got a transparent silver ring
 42185 | Vaults:5 | Got a pitted battleaxe {chop}
 42221 | Vaults:5 | Got a crude amethyst amulet
 42227 | Vaults:5 | Gained mutation: You tend to lose your temper in combat. [evolution]
 42331 | Vaults:5 | Got a silver rune of Zot
 42499 | Vaults:5 | Got a blackened executioner's axe {god gift}
 42500 | Vaults:5 | Identified the +3 battleaxe "Esuell" {chop, rF++ Int+4 Dex-3} (You took it off a vault warden on level 5 of the Vaults)
 42504 | Vaults:5 | Identified the +3 executioner's axe of Termination {venom, +Blink rElec Str+2} (Trog gifted it to you on level 5 of the Vaults)
 42544 | Vaults:5 | Identified the ring "Ryitoy" {rElec Stlth-} (You took it off a vault guard on level 5 of the Vaults)
 42553 | Vaults:5 | Identified the ring "Jijor" {+Fly rElec} (You took it off an ironheart preserver on level 5 of the Vaults)
 42555 | Vaults:5 | Identified the ring "Efekhept" {*Drain +Fly Str+2 Int+2 SInv} (You took it off a vault guard on level 5 of the Vaults)
 42557 | Vaults:5 | Identified the ring "Kifoi" {Dex+4 SInv} (You took it off a deep elf high priest on level 5 of the Vaults)
 42559 | Vaults:5 | Identified the amulet "Ycsanup" {+Rage Str-4 Int+9} (You found it on level 5 of the Vaults)
 42932 | Lair:2   | Got a pair of crude boots
 42948 | Lair:2   | Identified the +0 pair of boots "Hischu" {rN+ MP+9 Dex+3} (You acquired it on level 2 of the Lair of Beasts)
 43021 | Shoals:1 | Entered Level 1 of the Shoals
 43289 | Shoals:1 | Received a gift from Trog
 44044 | Shoals:2 | Received a gift from Trog
 44088 | Shoals:2 | Noticed Polyphemus
 44151 | Shoals:2 | Killed Polyphemus
 44734 | Shoals:4 | Entered Level 4 of the Shoals
 44754 | Shoals:4 | Noticed junkhipster's ghost (adept GrFi)
 44779 | Shoals:4 | Killed junkhipster's ghost
 44839 | Shoals:4 | Received a gift from Trog
 44918 | Shoals:4 | Noticed Ilsuiw
 44942 | Shoals:4 | Killed Ilsuiw
 44989 | Shoals:4 | Received a gift from Trog
 45086 | Shoals:4 | Hit by a poisoned javelin thrown by a merfolk javelineer

Skill      XL: |  1  2  3  4  5  6  7  8  9 10 11 12 13 14 15 16 17 18 19 20 21 22 23 24 25 |
---------------+----------------------------------------------------------------------------+-----
Axes           | 4 5 7 8 9 11 13 14 15 18 21 24 26 27 | 27.0
Fighting       | 7 9 10 12 13 15 17 19 21 23 24 26 | 26.1
Armour         | 6 8 10 12 13 15 16 17 18 21 23 24 25 | 25.8
Dodging        | 6 8 9 11 12 14 15 | 15.6

Action                   |  1- 3 |  4- 6 |  7- 9 | 10-12 | 13-15 | 16-18 | 19-21 | 22-24 | 25-27 || total
-------------------------+-------+-------+-------+-------+-------+-------+-------+-------+-------++-------
Melee: Hand axe          |    72 |   125 |   315 |   326 |       |       |       |       |       ||   838
       Headbutt          |    12 |    21 |    82 |   143 |   189 |   148 |   179 |   492 |   129 ||  1395
       Executioner's axe |       |       |       |   252 |   890 |   674 |   596 |  1447 |   465 ||  4324
Invok: Berserk           |     1 |       |     3 |     6 |     4 |     2 |     1 |     8 |     3 ||    28
       Burn Spellbooks   |       |       |     2 |       |     6 |    10 |     2 |     5 |     1 ||    26
       Brothers in Arms  |       |       |       |       |       |     6 |     1 |     1 |     3 ||    11
       Trog's Hand       |       |       |       |       |       |     1 |       |       |       ||     1
 Abil: Evoke Flight      |       |       |       |     4 |       |       |       |       |       ||     4
       Stop Flying       |       |       |       |     1 |       |       |       |       |       ||     1
Evoke: Wand              |       |       |       |       |       |       |       |    12 |     2 ||    14
  Use: Scroll            |       |     6 |     5 |    16 |    17 |     8 |     4 |     6 |    11 ||    73
       Potion            |       |       |     2 |       |     1 |     7 |     3 |     6 |     3 ||    22
 Stab: Distracted        |       |       |       |       |     1 |       |       |       |       ||     1
       Confused          |       |       |       |       |       |       |       |     2 |       ||     2
  Eat: Chunk             |       |     6 |    11 |    14 |    24 |     9 |     7 |    28 |     9 ||   108
       Pizza             |       |     1 |       |     1 |     3 |       |       |       |       ||     5
       Meat ration       |       |       |     1 |     1 |       |     1 |     1 |       |     1 ||     5
       Beef jerky        |       |       |       |     1 |       |       |       |     2 |       ||     3
       Bread ration      |       |       |       |       |     1 |     1 |       |       |       ||     2
       Royal jelly       |       |       |       |       |     1 |     2 |     4 |     4 |     2 ||    13
       Fruit             |       |       |       |       |       |       |     1 |       |       ||     1
Armor: Animal skin       |    10 |       |       |       |       |       |       |       |       ||    10
       Ring mail         |       |    17 |       |       |       |       |       |       |       ||    17
       Plate armour      |       |     8 |    64 |       |       |       |       |       |       ||    72
       Chain mail        |       |       |     7 |   210 |   303 |   312 |   274 |   537 |    16 ||  1659
       Gold dragon armou |       |       |       |       |       |       |       |       |   365 ||   365
Dodge: Dodged            |    58 |   103 |   168 |   567 |   874 |   463 |   448 |   862 |   381 ||  3924
